Map: Neon Violet Square LE

Players

SortOf - Winner!

  • Race: Zerg Zerg
  • Spawn Location: 5:00

NightEnD

  • Race: Protoss Protoss
  • Spawn Location: 11:00

Event: WCS Leipzig 2018

VOD

Have the link to the VOD?

Description

Time

  • Played on: Jan. 26, 2018, 9:30 a.m.
  • Length: 10:00

All games in this series

Show
View Real Time Build Order
Export as new Build Order

SortOf Zerg - Winner!

Build Orders: Hatch First, Lurkers 

Get SALT Encoding   

  12  0:00  Drone  
  13  0:13  Overlord  
  13  0:18  Drone  
  14  0:32  Drone x2  
  16  0:36  Drone  
  17  0:52  Hatchery  
  17  0:56  Drone  
  17  0:59  Drone  
  18  1:10  Extractor  
  17  1:15  Spawning Pool  
  17  1:17  Drone  
  17  1:22  Drone  
  18  1:29  Drone  
  19  1:39  Drone  
  20  1:49  Overlord  
  20  2:01  Queen  
  20  2:04  Queen  
  20  2:05  Zergling x4  
  26  2:11  Metabolic Boost  
  26  2:14  Drone  
  27  2:15  Drone  
  28  2:23  Drone  
  28  2:27  Drone  
  30  2:38  Hatchery  
  30  2:42  Drone  
  30  2:44  Drone  
  30  2:50  Overlord  
  31  2:52  Drone  
  31  2:56  Drone  
  31  2:58  Drone  
  34  3:02  Queen  
  36  3:09  Drone x2  
  38  3:16  Drone x2  
  38  3:17  Drone x2  
  38  3:19  Overlord  
  42  3:21  Drone  
  42  3:23  Drone  
  44  3:29  Spore Crawler  
  44  3:32  Lair  
  44  3:34  Drone  
  44  3:38  Drone x2  
  46  3:43  Queen  
  46  3:47  Overlord  
  48  3:49  Zergling x2  
  48  3:52  Drone  
  48  3:54  Drone x2  
  52  3:57  Spore Crawler  
  52  3:58  Drone  
  52  4:03  Drone x3  
  55  4:10  Overlord  
  55  4:11  Drone x3  
  55  4:13  Drone  
  55  4:16  Overlord  
  59  4:28  Spore Crawler x2  
  59  4:30  Drone  
  59  4:31  Drone x5  
  60  4:36  Extractor x3  
  60  4:37  Hydralisk Den  
  60  4:39  Drone x2  
  60  4:40  Drone  
  60  4:43  Overlord  
  60  4:44  Overseer  
  63  4:47  Drone  
  63  4:48  Drone  
  63  4:51  Drone x2  
  63  4:52  Drone x3  
  70  4:55  Overlord  
  70  5:04  Drone  
  70  5:05  Drone x4  
  75  5:07  Extractor  
  75  5:08  Extractor  
  75  5:10  Muscular Augments  
  75  5:13  Hydralisk  
  75  5:16  Drone x2  
  75  5:17  Evolution Chamber  
  75  5:19  Hydralisk  
  78  5:23  Hydralisk  
  78  5:25  Drone x2  
  82  5:29  Hydralisk  
  82  5:31  Hydralisk  
  82  5:32  Overlord  
  86  5:37  Hatchery  
  85  5:45  Lurker Den, Overlord  
  85  5:48  Hydralisk  
  86  5:51  Overlord  
  86  5:53  Overlord  
  86  5:56  Pneumatized Carapace  
  86  5:57  Drone x2  
  86  6:00  Drone x2, Overlord  
  86  6:01  Hydralisk  
  92  6:06  Overlord x2  
  92  6:07  Overlord  
  92  6:10  Overlord  
  92  6:16  Hydralisk x3  
  98  6:21  Overseer  
  98  6:23  Overseer  
  98  6:26  Zerg Missile Weapons Level 1  
  98  6:27  Hydralisk x2  
  98  6:32  Drone x3  
  105  6:34  Extractor  
  105  6:36  Drone x2  
  105  6:37  Drone  
  105  6:39  Drone x3, Extractor  
  109  6:47  Hydralisk  
  109  6:48  Hydralisk x3  
  117  6:54  Overlord  
  117  6:58  Zergling x16  
  125  7:01  Hydralisk  
  125  7:02  Hydralisk  
  125  7:04  Hydralisk  
  125  7:06  Overlord  
  129  7:10  Zergling x2, Hydralisk x2  
  129  7:11  Zergling x2  
  129  7:13  Overlord  
  135  7:17  Lurker  
  135  7:18  Lurker x3  
  138  7:24  Lurker  
  138  7:25  Lurker  
  139  7:30  Lurker x2  
  139  7:32  Zergling x16  
  139  7:36  Zergling x8  
  153  7:49  Zergling x14  
  153  7:51  Lurker x4  
  164  7:55  Hydralisk x3  
  164  8:10  Zergling x6  
  167  8:15  Zergling x4  
  165  8:23  Hydralisk  
  165  8:24  Zergling x2  
  155  8:32  Hydralisk x6  
  155  8:33  Zergling x4, Hydralisk x6  
  155  8:34  Zergling x2  
  162  8:38  Zergling x2  
  163  8:41  Zergling x4  
  167  8:48  Lurker x3  
  167  8:55  Zergling x16  
  171  9:05  Hydralisk x3  
  171  9:15  Hydralisk x3  
  169  9:21  Zergling x8  
  169  9:22  Zergling x6  
  175  9:27  Zergling x4  
  175  9:28  Overlord  
  175  9:29  Drone  
  175  9:30  Infestation Pit  
  174  9:32  Overseer  
  174  9:37  Overlord  
  174  9:41  Overlord  
Show
View Real Time Build Order
Export as new Build Order

NightEnD Protoss 

Build Orders: 1 Gate Expand, Oracle Opening, Phoenix Opening, Zealot Archon, Colossus Rush 

Get SALT Encoding   

  12  0:00  Probe  
  13  0:12  Probe  
  14  0:21  Pylon  
  14  0:24  Probe  
  15  0:39  Probe (Chrono Boost)  
  16  0:43  Gateway  
  16  0:49  Probe (Chrono Boost)  
  17  0:51  Assimilator  
  17  0:54  Probe (Chrono Boost)  
  18  1:05  Probe  
  19  1:17  Probe  
  20  1:27  Nexus  
  20  1:30  Probe  
  21  1:41  Cybernetics Core  
  21  1:44  Probe  
  22  1:50  Assimilator  
  22  1:56  Pylon  
  22  1:59  Probe  
  23  2:14  Probe (Chrono Boost), Zealot  
  26  2:19  Stargate  
  26  2:26  Probe (Chrono Boost)  
  27  2:32  Probe (Chrono Boost), Warp Gate  
  28  2:41  Probe (Chrono Boost)  
  28  2:42  Probe (Chrono Boost)  
  30  2:48  Adept  
  33  2:53  Probe x2 (Chrono Boost)  
  33  2:57  Probe (Chrono Boost)  
  33  2:58  Probe (Chrono Boost)  
  34  3:00  Oracle (Chrono Boost)  
  39  3:07  Probe  
  39  3:08  Probe  
  41  3:19  Probe  
  42  3:20  Probe, Gateway  
  42  3:26  Pylon  
  43  3:31  Probe  
  43  3:32  Probe  
  45  3:43  Probe, Gateway  
  45  3:44  Phoenix (Chrono Boost)  
  45  3:45  Probe  
  49  3:54  Assimilator  
  49  3:55  Probe, Pylon  
  49  3:57  Probe  
  49  3:58  Assimilator  
  51  4:03  Pylon  
  51  4:08  Probe  
  51  4:09  Probe  
  53  4:13  Robotics Facility  
  53  4:20  Probe  
  53  4:21  Probe  
  55  4:24  Twilight Council  
  55  4:25  Forge  
  55  4:32  Probe  
  56  4:39  Nexus  
  56  4:43  Probe  
  56  4:44  Probe  
  58  4:53  Sentry x2  
  58  4:55  Probe  
  58  4:56  Probe  
  64  5:01  Observer (Chrono Boost)  
  64  5:04  Robotics Bay  
  65  5:07  Probe  
  65  5:08  Probe  
  65  5:10  Assimilator  
  65  5:12  Blink  
  67  5:16  Assimilator  
  67  5:17  Protoss Ground Weapons Level 1  
  67  5:19  Probe  
  67  5:20  Probe  
  69  5:25  Pylon  
  69  5:27  Pylon  
  69  5:31  Probe  
  70  5:43  Probe  
  70  5:48  Gateway  
  71  5:50  Gateway, Colossus (Chrono Boost)  
  71  5:51  Gateway  
  71  5:55  Extended Thermal Lance  
  77  6:01  Probe  
  77  6:03  Sentry  
  80  6:07  Stalker, Sentry  
  84  6:18  Pylon  
  84  6:19  Pylon  
  84  6:22  Pylon  
  84  6:23  Pylon  
  84  6:28  Colossus (Chrono Boost)  
  90  6:49  Templar Archives  
  90  6:52  Gateway  
  90  6:54  Stalker x3, Gateway  
  90  6:55  Zealot x3  
  102  7:02  Protoss Ground Weapons Level 2  
  102  7:09  Colossus (Chrono Boost)  
  108  7:25  Zealot  
  108  7:26  Zealot x5  
  120  7:38  Charge  
  120  7:43  Pylon  
  120  7:45  Pylon  
  120  7:47  Pylon  
  120  7:48  Colossus (Chrono Boost)  
  120  7:50  High Templar  
  120  7:51  High Templar  
  130  7:57  Archon  
  130  7:58  Stalker  
  132  8:05  Observer  
  129  8:06  High Templar  
  129  8:07  High Templar  
  129  8:09  Zealot x2  
  129  8:10  Zealot  
  139  8:17  Archon  
  103  8:37  Colossus (Chrono Boost)  
  103  8:39  Zealot x5  
  103  8:40  Zealot  
  119  8:51  Zealot  
  120  9:09  Zealot x3  
  115  9:24  Observer (Chrono Boost)  
  114  9:47  Zealot  
  114  9:49  Zealot x3  
Tags
 
Add a new tag
Caveats
  • Supply blocks, unpowered buildings, or Contaminate may cause inaccurate times.
  • Supply counts are checked every 10 seconds.